 Dungeon Crawl Stone Soup version 0.17.0-9-g801d43b (console) character file.

25 gw the Charmwright (level 2, -3/15 HPs)
             Began as a Spriggan Skald on Nov 9, 2015.
             Slain by a worm (8 damage)
             ... on level 2 of the Dungeon.
             The game lasted 00:01:56 (1510 turns).

gw the Charmwright (Spriggan Skald)                 Turns: 1510, Time: 00:01:56

Health: -3/15      AC:  2    Str:  8    XL:     2   Next: 86%
Magic:  0/7        EV: 18    Int: 13    God:
Gold:   60         SH:  0    Dex: 15    Spells: 3 memorised, 2 levels left

rFire  . . .     SeeInvis +     a - +0 falchion
rCold  . . .     Clarity  .     e - +0 robe
rNeg   . . .     SustAt   .     (shield restricted)
rPois  .         Gourm    .     (helmet restricted)
rElec  .         Spirit   .     (no cloak)
rCorr  .         Warding  .     (gloves unavailable)
rMut   .         Stasis   .     (boots unavailable)
MR     .....                    (no amulet)
Stlth  +.........               (no ring)
                                (no ring)

@: infused, singing, very slightly contaminated, very quick, not resistant to
hostile enchantments, very unstealthy
A: unfitting armour, see invisible, herbivore 3, speed 3, slow metabolism 2
a: Stop Singing


You were on level 2 of the Dungeon.
You were not hungry.

You visited 1 branch of the dungeon, and saw 2 of its levels.

You collected 60 gold pieces.

Inventory:

Hand Weapons
 a - a +0 falchion (weapon)
 b - a +0 hunting sling
Missiles
 f - 2 stones (quivered)
Armour
 e - a +0 robe (worn)
Books
 c - a book of Battle

   Spells                             Type                      Level
   a - Infusion                       Charms                       1
   b - Shroud of Golubria             Charms/Translocation         2
   c - Song of Slaying                Charms                       2
   d - Spectral Weapon                Hexes/Charms                 3
   e - Regeneration                   Charms/Necromancy            3
Comestibles
 d - a bread ration


   Skills:
 + Level 2.0 Fighting
 + Level 1.7 Long Blades
 + Level 2.8 Dodging
 * Level 3.3 Spellcasting
 + Level 4.5 Charms


You had 2 spell levels left.
You knew the following spells:

 Your Spells              Type           Power        Failure   Level  Hunger
a - Infusion              Chrm           ##....       4%          1    #......
b - Shroud of Golubria    Chrm/Tloc      #.........   14%         2    ##.....
c - Song of Slaying       Chrm           ##......     8%          2    ##.....


Dungeon Overview and Level Annotations

Branches:
Dungeon (2/15)

Altars:


Innate Abilities, Weirdness & Mutations

You are tiny and cannot use many weapons and most armour.
You have supernaturally acute eyesight.
You are a herbivore.
You cover ground extremely quickly.
You need consume almost no food.


Message History

Unknown command.
Unknown command.
You hit the worm.
The worm is heavily wounded.
Your shroud bends the jackal's attack away.
The worm bites you!
Ouch! That really hurt!
Your shroud falls apart!
Unknown command.
Unknown command.
Unknown command.
Unknown command.
FLEEEEING!
ATTACKING (0,-1)
You hit the worm.
The worm is severely wounded.
The jackal completely misses you. The jackal barely misses you.
The worm bites you!
Ouch! That really hurt!
You die...

#.# #.# #.h
.##.# #.#
..#.h#.# #.#
....#.# #.#
#.#h#.# #.#
#...#%# #w#
#..#.#
#i######..#.#
#.hwh..((..<#
########..###
#<.# ...>w#
#.###!# ...
.. ### .#.
.#..


You could see 2 worms and 2 jackals.

Table legend:
 A = Turns spent in this place as a percentage of turns spent in the entire game.
 B = Non-inter-level travel turns spent in this place as a percentage of non-inter-level travel turns spent in the entire game.
 C = Inter-level travel turns spent in this place as a percentage of turns spent in this place.
 D = Turns resting spent in this place as a percentage of non-inter-level travel turns spent in this place.
 E = Turns spent auto-exploring this place as a percentage of non-inter-level travel turns spent in this place.
 F = Non-inter-level travel turns spent in this place divided by the number of levels of this place that you've seen.
                   A       B       C       D       E      F
               +-------+-------+-------+-------+-------+----------------------
         Total | 100.0 | 100.0 |   0.0 |   2.3 |   1.6 | 1340.0
       Dungeon | 100.0 | 100.0 |   0.0 |   2.3 |   1.6 | 1340.0
               +-------+-------+-------+-------+-------+----------------------

Table legend:
 A = Kills in this place as a percentage of kills in entire the game.
 B = Kills by you in this place as a percentage of kills by you in the entire game.
 C = Kills by friends in this place as a percentage of kills by friends in the entire game.
 D = Other kills in this place as a percentage of other kills in the entire game.
 E = Experience gained in this place as a percentage of experience gained in the entire game.
 F = Experience gained in this place divided by the number of levels of this place that you have seen.
                   A       B       C       D       E      F
               +-------+-------+-------+-------+-------+----------------------
         Total | 100.0 | 100.0 |  -nan |  -nan | 100.0 |  18.5
       Dungeon | 100.0 | 100.0 |  -nan |  -nan | 100.0 |  18.5
               +-------+-------+-------+-------+-------+----------------------

Vanquished Creatures
  A giant cockroach (D:1)
  4 goblins (D:1)
  4 hobgoblins (D:1)
  5 kobolds (D:1)
  A bat (D:1)
  3 giant geckos (D:1)
  A giant newt (D:1)
  A jackal (D:2)
  5 rats (D:1)
25 creatures vanquished.

Notes
Turn   | Place    | Note
--------------------------------------------------------------
     0 | D:1      | gw the Spriggan Skald began the quest for the Orb.
     0 | D:1      | Reached XP level 1. HP: 10/10 MP: 5/5
   348 | D:1      | Reached XP level 2. HP: 15/15 MP: 4/7
   373 | D:1      | Learned a level 2 spell: Shroud of Golubria
   376 | D:1      | Learned a level 2 spell: Song of Slaying
  1510 | D:2      | Slain by a worm

Action                   || total
-------------------------++-------
Melee: Falchion          ||    33
 Fire: Hunting sling     ||    21
 Cast: Infusion          ||    28
       Shroud of Golubri ||    22
       Song of Slaying   ||     1

Vault maps used:
D:1:      minmay_arrival_five_plusses
D:2:      first_bread
